cohdb
Replays
Latest Replays
All Replays
Popular Replays
Top Player Replays
Match Explorer
How It Works
Community
CoH3 Stats
Reddit
Sign in to upload your games and track your stats! →
Sign in with Steam
Match 45611839
Unlisted
Match 45611839
Overview
Messages
Build Orders
End
Vickers Machine Gun Team
Construct Section Command Post
Selects Air and Sea Battlegroup
Infantry Section
Dingo Light Scout Car
Grenade Package
ML 3-inch Mortar Team
Infantry Section
Construct Field Infirmary
Selects Commando Section Paradrop
Selects Commando Support Section Paradrop
Infantry Section
Michaster
Cingvlarity
♪ Evening Bells ♪
woof_raff
Gran_Toro
fris85
0
0
Comments
sign in to comment!
No comments posted yet!